 Dungeon Crawl Stone Soup version 0.17-a0-915-g8914353 (webtiles) character file.

275570 namelastname112 the Fencer (level 19, 0/190 HPs)
             Began as a Mottled Draconian Chaos Knight on May 4, 2015.
             Killed from afar by a deep elf conjurer (9 damage)
             ... with a bolt of cold
             ... on level 3 of the Elven Halls.
             The game lasted 02:58:01 (60498 turns).

namelastname112 the Fencer (DrCK)                  Turns: 60498, Time: 02:58:28

Health: 0/190      AC: 22    Str: 16      XL:     19   Next: 56%
Magic:  36/36      EV: 24    Int: 14      God:    Xom [.....*]
Gold:   5348       SH: 15    Dex: 19 (20) Spells: 4 memorised, 29 levels left

rFire  . . .     SeeInvis .     S - +3 long sword (distort)
rCold  . . .     Clarity  .     (armour unavailable)
rNeg   . . .     SustAb   .     B - +2 shield {AC+3}
rPois  .         Gourm    .     (helmet restricted)
rElec  .         Spirit   .     D - +0 cloak
rCorr  +         Warding  .     C - +2 pair of gloves
rMut   .         Stasis   .     O - +1 pair of boots "Korebis" {rC- MR+++ rCorr Int+4}
MR     +++++                    e - amulet of faith
Stlth  ++........               s - ring of protection from cold
                                G - +2 ring of protection

@: lethally poisoned (0 -> -4), aura of abjuration, flying, very slightly
contaminated, hasted, very quick, almost entirely resistant to hostile
enchantments, unstealthy
A: breathe sticky flame splash, unfitting armour, antennae 2, claws 1, agile 1,
deterioration 1, dopey 1, high mp 1, magic resistance 1, regeneration 1, robust
1, shaggy fur 1, wild magic 1, cold-blooded, MP-powered wands, AC +10
a: Breathe Sticky Flame, Renounce Religion
}: 2/15 runes: decaying, gossamer


You were on level 3 of the Elven Halls.
You worshipped Xom.
You were Xom's teddy bear.
You were not hungry.

You visited 6 branches of the dungeon, and saw 38 of its levels.
You visited 1 bazaar.
You also visited: Ice Cave, Volcano and Wizlab.

You collected 5852 gold pieces.
You spent 504 gold pieces at shops.

Inventory:

Hand weapons
 S - a +3 long sword of distortion (weapon)
Missiles
 Q - 8 javelins (quivered)
Armour
 B - a +2 shield of protection (worn)
 C - a +2 pair of gloves (worn)
 D - a +0 cloak (worn)
 O - the +1 pair of boots "Korebis" (worn) {rC- MR+++ rCorr Int+4}
   (You bought it in a shop in a bazaar)

   It affects your intelligence (+4).
   It makes you vulnerable to cold.
   It affects your resistance to hostile enchantments.
   It protects you from acid and corrosion.
Jewellery
 d - an uncursed amulet of resist corrosion
 e - an amulet of faith (around neck)
 g - an uncursed ring of wizardry
 s - a ring of protection from cold (right hand)
 w - an uncursed ring of fire
 G - a +2 ring of protection (left hand)
 N - an uncursed ring of sustain abilities
 U - an uncursed amulet of clarity
Magical devices
 f - a wand of fireball (10)
 l - a wand of teleportation (5)
 q - a wand of teleportation (1)
 t - a wand of digging (11)
 x - a wand of flame (13)
 E - a wand of fireball (1)
 F - a wand of teleportation (1)
 P - a wand of hasting (1)
 T - a wand of confusion (24)
 Y - a wand of digging (8)
Scrolls
 i - 10 scrolls of teleportation
 k - 18 scrolls of remove curse
 p - a scroll of amnesia
 u - a scroll of recharging
 y - a scroll of summoning
 H - 15 scrolls of identify
 L - 4 scrolls of enchant armour
 M - a scroll of holy word
 R - 4 scrolls of fog
 V - a scroll of fear
 W - 2 scrolls of enchant weapon
Potions
 c - 4 potions of agility
 h - a potion of brilliance
 j - a potion of flight
 n - 3 potions of haste
 v - a potion of magic
 z - a potion of resistance
 A - a potion of berserk rage
 K - 2 potions of cure mutation
 Z - 2 potions of might
Books
 m - a Necronomicon {highlevel, unknown}

   This book is beyond your current level of understanding.

   Spells                             Type                      Level
   a - Haunt                          Necromancy/Summoning         7
   b - Borgnjor's Revivification      Necromancy                   8
   c - Death's Door                   Charms/Necromancy            8
   d - Necromutation                  Transmutation/Necromancy     8
 r - Roxanne's Papyrus of the Shifting Mountains
   (You took it off Roxanne on level 3 of the Swamp)

   Spells                             Type                      Level
   a - Sandblast                      Earth                        1
   b - Passwall                       Transmutation/Earth          3
   c - Statue Form                    Transmutation/Earth          6
   d - Shatter                        Earth                        9
Miscellaneous
 a - a plain deck of summoning {drawn: 6}
 I - a fan of gales
Comestibles
 b - 13 bread rations
 o - 2 royal jellies
 J - 21 fruits


   Skills:
 + Level 16.3 Fighting
 + Level 18.4 Long Blades
 - Level 13.0 Throwing
 + Level 14.1 Dodging
 + Level 13.1 Shields
 + Level 9.8 Spellcasting
 + Level 10.3 Translocations


You had 29 spell levels left.
You knew the following spells:

 Your Spells              Type           Power        Failure   Level  Hunger
a - Apportation           Tloc           ######....   1%          1    None
b - Spectral Weapon       Hex/Chrm       ##......     65%         3    #......
c - Blink                 Tloc           N/A          2%          2    None
d - Repel Missiles        Chrm/Air       ##....       38%         2    None


Dungeon Overview and Level Annotations

Branches:
Dungeon (15/15)            Temple (0/1) D:4            Lair (8/8) D:8
  Swamp (4/4) Lair:5       Spider (4/4) Lair:4        Slime (0/6) Lair:8
    Orc (4/4) D:9             Elf (3/3) Orc:4        Vaults (0/5) D:13
 Depths (0/5) D:15

Altars:
Dithmenos
Gozag
Ru
Sif Muna
Vehumet
Xom
Yredelemnul
Beogh
Jiyva

Shops:
D:7 (   Orc:4 :%[[:   Elf:2 (

Annotations:
D:4 exclusion: statue
D:14 Sonja
Spider:2 Arachne
Elf:2 3 runed doors, Asterion, Saint Roka


Innate Abilities, Weirdness & Mutations

You can spit globs of burning liquid.
You can ignite nearby creatures when you spit burning liquid.
Your weird mottled scales are hard (AC +10).
Your body does not fit into most forms of armour.
You are cold-blooded and may be slowed by cold attacks.
You have a pair of antennae on your head.
You have sharp fingernails.
You are agile. (Dex +2)
Your body sometimes deteriorates upon taking damage.
You are dopey. (Int -2)
You have an increased reservoir of magic (+10% MP).
You are resistant to hostile enchantments.
Your natural rate of healing is unusually fast.
You are robust (+10% HP).
You are covered in fur (AC +1).
Your spells are a little harder to cast, but a little more powerful.
You expend magic power (3 MP) to strengthen your wands.


Message History

Anything else - Stay silent.
There's something in the way.
Gang up on whom?
Press: ? - help, Dir - move target cursor, f/p - deep elf conjurer
Aim: a deep elf conjurer, wielding a dagger of draining (fire blocked by a translucent rock wall)
Okay, then.
Unknown command.
Unknown command.
Unknown command.
Unknown command.
You feel sick.
You feel sick. "Time to have some fun!"
The deep elf conjurer's dagger of draining dances into the air!
The deep elf conjurer gestures at you while chanting.
The bolt of cold hits your dagger of draining.
Your dagger of draining resists.
The bolt of cold hits you!
You die... "This toy is broken."

##### ##.e.#####
####.###....#
###§#.#...#.#.#
##§§#≈.#...#...####
##...##e#...#......#
#..EE.(#.###e#..##e#
#..@......e..#.....e
#....(##........##.#
#####...###./####..##.#
#..................##..
*......###)).....#.###.
**.###..###((.....#.##)#
*,*...#.)))...)...#...#.
#.#...#.###.(......e..#.
*.#...#.# #........##.#.


You could see a deep elf annihilator, a deep elf conjurer, 2 friendly water
elementals and a friendly dagger of draining.

Vanquished Creatures
  the Lernaean hydra (Swamp:4)
  Rupert (Orc:4)
  A tentacled monstrosity (Swamp:3)
  3 thorn hunters
  An azure jelly (WizLab)
  2 deep elf sorcerers
  Donald (Spider:1)
  A frost giant (IceCv)
  3 ghost moths (Spider:4)
  Louise (D:14)
  7 emperor scorpions
  3 rakshasas (D:15)
  5 deep elf demonologists
  A deep elf annihilator (Elf:3)
  6 purple draconians (WizLab)
  6 dire elephants (Lair:8)
  2 deep elf death magi (Elf:3)
  Snorg (Orc:3)
  Josephine (Swamp:1)
  2 ogre magi
  23 hydras
  3 entropy weavers
  3 ghost crabs
  An anaconda (Lair:8)
  9 statues (WizLab)
  A catoblepas (shapeshifter) (Lair:5)
  A salamander stormcaller (D:14)
  2 dancing weapons (Elf:2)
  6 alligators
  2 centaur warriors
  A tengu warrior (D:13)
  6 orc high priests
  13 death yaks
  14 deep elf knights
  A sun demon (Elf:1)
  A spriggan druid (Swamp:4)
  7 deep elf summoners
  3 shambling mangroves
  A deep troll (D:12)
  9 swamp dragons
  2 unseen horrors
  An ice statue (IceCv)
  3 lindwurms
  A wizard (D:13)
  6 hill giants
  A giant orange brain (D:8)
  Pikel (D:8)
  5 orc knights
  A swamp dragon (shapeshifter) (D:15)
  13 orb spiders
  11 deep elf conjurers
  A hornet (Swamp:4)
  2 lindwurms (shapeshifter) (D:15)
  4 cyclopes
  A necromancer (D:13)
  27 wolf spiders
  A manticore (D:13)
  9 orc sorcerers
  A faun (Spider:2)
  A moth of wrath (Spider:4)
  A griffon (Lair:2)
  9 ugly things
  Maurice (Orc:2)
  An apocalypse crab (Spider:1)
  4 black mambas
  3 spriggans (shapeshifter) (D:15)
  A gargoyle (D:13)
  13 elephants
  A torpor snail (Spider:2)
  21 spiny frogs
  2 fire drakes
  An efreet (D:15)
  A kobold demonologist (D:14)
  2 yaktaurs
  13 demonic crawlers
  7 trolls
  A queen bee (shapeshifter) (D:15)
  2 trolls (shapeshifter)
  2 tengu conjurers
  A fire vortex (Lair:3)
  A yaktaur (shapeshifter) (D:15)
  4 giant leeches
  30 jumping spiders
  A polar bear (shapeshifter) (Elf:1)
  13 komodo dragons
  11 polar bears (IceCv)
  A wolf spider simulacrum (D:13)
  2 boulder beetles
  10 deep elf priests
  22 blink frogs
  Grinder (D:4)
  A wind drake (Spider:4)
  6 baby alligators (Swamp:3)
  A two-headed ogre (D:15)
  5 ravens
  2 centaur simulacra
  15 slime creatures
  14 bog bodies
  25 trapdoor spiders
  61 redbacks
  7 spriggans
  5 water elementals
  80 yaks
  30 tarantellas
  20 humans (D:13)
  6 wraiths
  45 deep elf magi
  29 deep elf fighters
  4 hungry ghosts
  2 basilisks
  2 shadows
  A basilisk (shapeshifter) (Elf:2)
  10 wyverns
  21 vampire mosquitoes
  A steam dragon (Lair:2)
  Menkaure (D:5)
  9 hippogriffs
  4 wargs
  35 wolves
  11 insubstantial wisps
  8 water moccasins
  21 swamp worms
  11 porcupines
  A black bear (D:13)
  30 spiders
  19 swamp drakes
  25 orc warriors
  7 sky beasts
  13 ice beasts
  10 ogres
  15 centaurs
  3 boggarts (D:15)
  2 phantoms (D:8)
  A boring beetle (Orc:4)
  A necrophage (D:10)
  9 wasps
  31 crocodiles
  5 big kobolds
  2 brain worms
  A wyvern zombie (D:12)
  A water moccasin zombie (D:6)
  25 giant frogs
  2 water moccasin skeletons
  A wyvern skeleton (D:14)
  5 scorpions
  A troll zombie (D:13)
  17 wights
  24 killer bees
  13 electric eels
  3 jellies
  4 giant frog zombies
  17 crimson imps
  10 centaur zombies
  3 goliath beetles
  8 hounds
  2 wasp zombies
  5 iron imps
  20 orc priests
  3 giant frog skeletons
  3 human zombies (D:13)
  38 orc wizards
  4 quasits
  7 centaur skeletons
  Ijyb (D:2)
  15 iguanas
  Terence (D:3)
  2 hell rats
  5 worker ants
  47 sheep
  An ogre skeleton (D:13)
  2 hound zombies
  A mummy (D:13)
  A hound skeleton (D:6)
  8 adders
  8 gnolls
  12 shadow imps
  69 river rats
  4 white imps
  2 ufetubi
  2 worms
  An adder skeleton (D:5)
  An adder zombie (D:7)
  11 giant geckos
  206 orcs
  3 bat skeletons
  A bat zombie (D:8)
  5 giant cockroaches
  24 goblins
  22 hobgoblins
  12 bats
  2 giant gecko zombies (D:6)
  5 giant newts
  A giant spore (D:11)
  5 jackals
  28 kobolds
  An orc skeleton (D:13)
  An orc zombie (D:13)
  A quokka (D:2)
  A quokka skeleton (D:4)
  A quokka zombie (D:6)
  12 rats
  9 ballistomycetes
  2 butterflies (D:5)
  3 crawling corpses
  2 fungi
  3 plants (Lair:8)
1859 creatures vanquished.

Vanquished Creatures (collateral kills)
  Roxanne (Swamp:3)
  An emperor scorpion (Spider:4)
  A deep elf annihilator (Elf:3)
  A death yak (Lair:8)
  A deep elf summoner (Elf:2)
  A necromancer (D:13)
  3 wolf spiders (Spider:4)
  An apocalypse crab (Elf:1)
  A demonic crawler (Spider:4)
  A deep elf priest (Elf:3)
  A jumping spider (Spider:4)
  A blink frog (Lair:7)
  A spriggan (Swamp:4)
  2 tarantellas
  A trapdoor spider (Spider:4)
  2 redbacks
  3 deep elf magi (Elf:3)
  A deep elf fighter (Elf:3)
  A yak (Lair:7)
  An orc warrior (Elf:2)
  An ice beast (D:13)
  A crocodile (Lair:8)
  2 big kobolds (D:14)
  A killer bee (WizLab)
  An electric eel (D:13)
  A hound (D:7)
  An orc wizard (Elf:2)
  An iron imp (D:14)
  2 hell rats (Elf:2)
  A worker ant (D:7)
  A sheep (Lair:5)
  A shadow imp (Swamp:3)
  2 ufetubi (Lair:5)
  2 quokkas
  2 kobolds (D:14)
  A fungus (Elf:2)
47 creatures vanquished.

Vanquished Creatures (others)
  A deep elf blademaster (Elf:3)
  3 purple draconians (WizLab)
  A deep elf annihilator (Elf:3)
  2 deep elf high priests
  A ghost crab (Swamp:4)
  4 dancing weapons
  4 deep elf knights
  3 deep elf summoners
  A griffon (Spider:2)
  An orc sorcerer (Orc:4)
  An octopode (shapeshifter) (Elf:3)
  A demonic crawler (Spider:4)
  A blue devil (Elf:1)
  A jumping spider (Elf:3)
  A trapdoor spider (Spider:4)
  2 giant leeches (Swamp:4)
  A bog body (Swamp:4)
  5 deep elf magi
  4 yaks
  A vampire mosquito (Swamp:3)
  3 deep elf fighters
  2 wolves
  A human (Elf:3)
  An orc warrior (Orc:4)
  3 centaurs
  An ogre (D:7)
  A boggart (D:15)
  2 lost souls (Elf:3)
  8 crimson imps
  6 iron imps
  An iguana (Lair:4)
  An orc priest (D:11)
  7 quasits
  A hell rat (Elf:1)
  3 orc wizards
  12 shadow imps
  7 white imps
  7 ufetubi
  6 orcs
  2 giant newts (Lair:4)
  2 giant spores
  2 briar patches
  A bush (Lair:7)
  2 crawling corpses
  31 fungi
  22 plants
174 creatures vanquished.

Grand Total: 2080 creatures vanquished

Notes
Turn   | Place    | Note
--------------------------------------------------------------
     0 | D:1      | namelastname112, the Draconian Chaos Knight, began the quest for the Orb.
     0 | D:1      | Reached XP level 1. HP: 19/19 MP: 1/1
   125 | D:1      | XOM: silly message
   155 | D:1      | XOM: silly message
   247 | D:1      | Reached XP level 2. HP: 23/26 MP: 2/2
   273 | D:1      | XOM: silly message
   533 | D:2      | Noticed Ijyb
   542 | D:2      | XOM: harmless Ice miscast
   684 | D:2      | XOM: confuse monster(s)
   689 | D:2      | Reached XP level 3. HP: 23/31 MP: 3/3
   697 | D:2      | Killed Ijyb
   697 | D:2      | Reached skill level 4 in Long Blades
   824 | D:2      | Reached XP level 4. HP: 40/40 MP: 4/4
   887 | D:2      | XOM: harmless Chrm miscast
  1351 | D:2      | XOM: mild Pois miscast
  1364 | D:2      | XOM: smoke on damage
  1418 | D:2      | XOM: blink monster(s)
  1667 | D:3      | Reached XP level 5. HP: 46/46 MP: 5/5
  1720 | D:3      | Noticed Terence
  1731 | D:3      | Killed Terence
  1824 | D:3      | XOM: noise
  1923 | D:3      | Found an opulent altar of Gozag.
  2277 | D:4      | Noticed a swamp drake
  2277 | D:4      | a scorpion changed into a swamp drake
  2277 | D:4      | XOM: polymorph scorpion -> swamp drake
  2279 | D:4      | XOM: silly message
  2502 | D:4      | XOM: divination: detect items
  2533 | D:4      | Noticed an ogre
  2547 | D:4      | Killed an ogre
  2547 | D:4      | Reached skill level 5 in Long Blades
  2547 | D:4      | Reached XP level 6. HP: 38/53 MP: 6/6
  2574 | D:4      | Found a radiant altar of Vehumet.
  2578 | D:4      | XOM: smoke on damage
  2769 | D:4      | Noticed Grinder
  2779 | D:4      | XOM: potion effect (haste)
  2789 | D:4      | XOM: potion effect (heal wounds)
  2790 | D:4      | Paralysed by Grinder for 7 turns
  2805 | D:4      | Killed Grinder
  2805 | D:4      | Reached skill level 5 in Fighting
  2873 | D:4      | XOM: silly message
  2904 | D:4      | Found a staircase to the Ecumenical Temple.
  2908 | D:4      | Reached skill level 6 in Long Blades
  2946 | D:4      | XOM: enchant monster (good)
  2962 | D:4      | XOM: fog
  2974 | D:4      | Killed a swamp drake
  2974 | D:4      | Your scales start taking on a weird mottled colour.
  2974 | D:4      | Reached XP level 7. HP: 57/61 MP: 7/7
  3056 | D:4      | XOM: mild Trmt miscast
  3192 | D:4      | XOM: harmless Air miscast
  3433 | D:5      | Entered Level 5 of the Dungeon
  3872 | D:5      | Reached skill level 7 in Long Blades
  3896 | D:5      | Reached XP level 8. HP: 63/70 MP: 8/8
  3908 | D:5      | Noticed Menkaure
  3913 | D:5      | XOM: butterfly on damage
  3915 | D:5      | Killed Menkaure
  3915 | D:5      | Reached skill level 5 in Dodging
  4199 | D:5      | XOM: summons 3 friendly demons
  4315 | D:5      | XOM: divination: detect creatures
  4471 | D:6      | XOM: harmless Conj miscast
  4531 | D:6      | Reached skill level 8 in Long Blades
  4593 | D:6      | XOM: scenery: 2 doors open
  4659 | D:6      | XOM: fog
  4897 | D:6      | XOM: cast spell 'Hydra Form'
  4909 | D:6      | Gained mutation: You are resistant to hostile enchantments. [mutagenic meat]
  4910 | D:6      | Gained mutation: Your tail ends in a poisonous barb. [mutagenic meat]
  4911 | D:6      | Lost mutation: You are resistant to hostile enchantments. [mutagenic meat]
  4912 | D:6      | Gained mutation: You tend to lose your temper in combat. [mutagenic meat]
  4913 | D:6      | Gained mutation: Your muscles are strong. (Str +2) [mutagenic meat]
  5023 | D:6      | Found a sacrificial altar of Ru.
  5053 | D:6      | Found a deep blue altar of Sif Muna.
  5111 | D:6      | Gained mutation: You are frail (-10% HP). [mutagenic meat]
  5112 | D:6      | Gained mutation: Your natural rate of healing is unusually fast. [mutagenic meat]
  5113 | D:6      | Gained mutation: You are occasionally teleported to nearby monsters. [mutagenic meat]
  5283 | D:7      | XOM: divine lightning (protected)
  5285 | D:7      | XOM: summons friendly white imp
  5291 | D:7      | XOM: summons friendly crimson imp
  5329 | D:7      | Reached XP level 9. HP: 70/70 MP: 9/9
  5339 | D:7      | Reached skill level 9 in Long Blades
  5459 | D:7      | XOM: swap monsters
  5461 | D:7      | XOM: enchant monster (good)
  5555 | D:7      | XOM: god gift: 22 gold pieces
  5601 | D:7      | XOM: give mutation
  5601 | D:7      | Gained mutation: Your mind is acute. (Int +2) [Xom's grace]
  5766 | D:7      | XOM: polymorph orc wizard -> adder
  5847 | D:7      | XOM: swap monsters
  5873 | D:7      | Lost mutation: Your mind is acute. (Int +2) [mutagenic meat]
  5875 | D:7      | Gained mutation: You are somewhat resistant to further mutation. [mutagenic meat]
  5876 | D:7      | Lost mutation: Your natural rate of healing is unusually fast. [mutagenic meat]
  5961 | D:7      | XOM: god gift: runed leather armour {god gift}
  6019 | D:7      | Found Zihaz's Antique Weapon Boutique.
  6096 | D:8      | Noticed a giant orange brain
  6097 | D:8      | seems legit
  6124 | D:8      | XOM: confuse monster(s)
  6146 | D:8      | Killed a giant orange brain
  6146 | D:8      | Reached skill level 10 in Long Blades
  6347 | D:8      | Noticed Pikel
  6354 | D:8      | XOM: confuse monster(s)
  6355 | D:8      | XOM: enchant monster (good)
  6366 | D:8      | Killed Pikel
  6435 | D:8      | XOM: god gift: glowing scimitar {god gift}
  6439 | D:8      | XOM: harmless Pois miscast
  6468 | D:8      | Reached XP level 10. HP: 65/80 MP: 10/10
  6818 | D:8      | Found a staircase to the Lair.
  6819 | D:8      | Noticed an elephant
  6869 | D:8      | XOM: swap monsters
  6887 | D:8      | Killed an elephant
  6905 | D:8      | Reached skill level 11 in Long Blades
  6925 | D:8      | XOM: give mutations
  6925 | D:8      | Gained mutation: You possess an exceptional clarity of mind. [Xom's grace]
  6925 | D:8      | Gained mutation: Your tail ends in a sharp poisonous barb. [Xom's grace]
  6925 | D:8      | Gained mutation: Your spells are a little harder to cast, but a little more powerful. [Xom's grace]
  6925 | D:8      | Gained mutation: Your mind is acute. (Int +2) [Xom's grace]
  7246 | D:8      | Found a shadowy altar of Dithmenos.
  7269 | D:8      | XOM: scenery: 1 doors open, 4 doors close
  7335 | D:8      | XOM: give mutations
  7335 | D:8      | Gained mutation: Your tail ends in a wickedly sharp and poisonous barb. [Xom's grace]
  7335 | D:8      | Gained mutation: You are resistant to electric shocks. [Xom's grace]
  7335 | D:8      | Gained mutation: You have sharp toenails. [Xom's grace]
  7630 | D:8      | XOM: vitrification
  7785 | D:9      | XOM: god gift: jewelled silver wand {god gift}
  7992 | D:9      | Reached skill level 1 in Shields
  8029 | D:9      | XOM: give mutation
  8029 | D:9      | Gained mutation: You are agile. (Dex +2) [Xom's grace]
  8050 | D:9      | XOM: torment (37/81 hp)
  8229 | D:9      | Found a shimmering altar of Xom.
  8353 | D:9      | Found a staircase to the Orcish Mines.
  8470 | D:9      | XOM: draining
  8531 | D:10     | Entered Level 10 of the Dungeon
  8665 | D:10     | XOM: summons 4 hostile shadow creatures
  9407 | D:10     | XOM: divination: magic mapping
  9419 | D:10     | XOM: fog
  9526 | D:10     | XOM: god gift: potion of curing
  9585 | D:10     | Noticed a red ugly thing
  9587 | D:10     | XOM: enchant monster (good)
  9676 | D:10     | Killed a red ugly thing
  9676 | D:10     | Reached skill level 12 in Long Blades
  9773 | D:10     | Reached XP level 11. HP: 54/87 MP: 11/11
 10078 | D:10     | XOM: blink monster(s)
 10161 | D:10     | XOM: mild Hex miscast
 10255 | D:11     | Reached skill level 1 in Throwing
 10511 | D:11     | XOM: noise
 10522 | D:11     | XOM: blink monster(s)
 10530 | D:11     | XOM: harmless Fire miscast
 10556 | D:11     | XOM: medium Chrm miscast
 10562 | D:11     | XOM: 1-stop teleportation journey
 10637 | D:11     | XOM: mild Pois miscast
 10694 | D:11     | XOM: fake destruction
 10706 | D:11     | XOM: destruction
 11044 | D:11     | XOM: give mutations
 11044 | D:11     | Lost mutation: You are somewhat resistant to further mutation. [Xom's grace]
 11044 | D:11     | Gained mutation: You evolve. [Xom's grace]
 11044 | D:11     | Gained mutation: You have supernaturally acute eyesight. [Xom's grace]
 11044 | D:11     | Gained mutation: You have an increased reservoir of magic (+10% MP). [Xom's grace]
 11097 | D:11     | XOM: vitrification
 11195 | D:11     | XOM: cast spell 'Ice Form'
 11284 | D:10     | XOM: give mutation
 11284 | D:10     | Gained mutation: You have a pair of small antennae on your head. [Xom's grace]
 11535 | D:11     | XOM: divination: detect creatures
 11766 | D:11     | XOM: swap monsters
 11781 | D:11     | Reached skill level 10 in Fighting
 11891 | D:11     | XOM: vitrification
 12011 | D:11     | Noticed an unseen horror
 12020 | D:11     | Killed an unseen horror
 12038 | D:11     | Gained mutation: You rapidly evolve. [evolution]
 12065 | D:11     | Noticed a hill giant
 12069 | D:11     | XOM: fake destruction
 12075 | D:11     | Killed a hill giant
 12181 | Lair:1   | Entered Level 1 of the Lair of Beasts
 12188 | Lair:1   | XOM: give mutations
 12188 | Lair:1   | Lost mutation: You have sharp toenails. [Xom's mischief]
 12188 | Lair:1   | Lost mutation: You tend to lose your temper in combat. [Xom's mischief]
 12188 | Lair:1   | Lost mutation: Your spells are a little harder to cast, but a little more powerful. [Xom's mischief]
 12188 | Lair:1   | Lost mutation: You are frail (-10% HP). [Xom's mischief]
 12220 | Lair:1   | XOM: blink monster(s)
 12539 | Lair:1   | XOM: 3-stop teleportation journey
 12813 | Lair:1   | XOM: 6-stop teleportation journey
 13297 | Lair:2   | XOM: polymorph sheep -> steam dragon
 13304 | Lair:2   | Noticed a six-headed hydra
 13306 | Lair:2   | XOM: harmless Chrm miscast
 13311 | Lair:2   | XOM: harmless Chrm miscast
 13320 | Lair:2   | XOM: noise
 13321 | Lair:2   | Killed an eight-headed hydra
 13321 | Lair:2   | Reached skill level 13 in Long Blades
 13321 | Lair:2   | Reached skill level 5 in Shields
 13378 | Lair:2   | XOM: medium Erth miscast
 13396 | Lair:2   | XOM: harmless Hex miscast
 13456 | Lair:2   | XOM: harmless Hex miscast
 13677 | Lair:2   | Reached skill level 5 in Throwing
 13677 | Lair:2   | Reached XP level 12. HP: 97/107 MP: 13/13
 13771 | Lair:2   | Noticed an eight-headed hydra
 13773 | Lair:2   | Noticed a four-headed hydra
 13781 | Lair:2   | XOM: 1-stop teleportation journey
 13813 | Lair:2   | XOM: harmless Hex miscast
 13836 | Lair:2   | XOM: confuse monster(s)
 13841 | Lair:2   | XOM: potion effect (berserk rage)
 13845 | Lair:2   | Killed a seven-headed hydra
 13868 | Lair:2   | XOM: enchant monster (bad)
 13880 | Lair:2   | XOM: mild Hex miscast
 13898 | Lair:2   | XOM: colour smoke trail
 14016 | Lair:2   | XOM: noise
 14136 | Lair:2   | Noticed a four-headed hydra
 14142 | Lair:2   | XOM: noise
 14170 | Lair:2   | XOM: noise
 14187 | Lair:1   | XOM: medium Pois miscast
 14190 | Lair:1   | XOM: torment (36/108 hp)
 14208 | Lair:1   | XOM: mild Pois miscast
 14282 | Lair:1   | Gained mutation: Your muscles are very strong. (Str +4) [evolution]
 14563 | Lair:2   | XOM: mild Erth miscast
 14566 | Lair:2   | XOM: harmless Divn miscast
 14632 | Lair:2   | XOM: enchant monster (bad)
 14648 | Lair:2   | XOM: chaos cloud
 14687 | Lair:3   | XOM: noise
 14844 | Lair:3   | XOM: summons 4 hostile shadow creatures
 15158 | Lair:3   | XOM: chaos cloud
 15509 | Lair:3   | XOM: mild Tloc miscast
 15820 | Lair:4   | XOM: summons 1 hostile demon
 15863 | Lair:4   | XOM: medium Divn miscast
 15865 | Lair:4   | XOM: mild Divn miscast
 15870 | Lair:4   | XOM: cast spell 'Stoneskin'
 15881 | Lair:4   | XOM: enchant monster (bad)
 15932 | Lair:4   | XOM: silly message
 16012 | Lair:4   | Reached skill level 14 in Long Blades
 16021 | Lair:4   | Found a hole to the Spider Nest.
 16396 | Lair:5   | XOM: silly message
 16406 | Lair:5   | XOM: mild Pois miscast
 16418 | Lair:5   | XOM: mild Tloc miscast
 16423 | Lair:5   | XOM: snakes to sticks
 16495 | Lair:5   | XOM: blink monster(s)
 16696 | Lair:5   | XOM: enchant monster (bad)
 16716 | Lair:5   | XOM: summons 6 hostile demons
 16725 | Lair:5   | XOM: mild Conj miscast
 16739 | Lair:5   | XOM: mild Necr miscast
 16746 | Lair:5   | XOM: chaos cloud
 17018 | Lair:5   | XOM: summons 7 friendly demons
 17030 | Lair:5   | XOM: confuse monster(s)
 17031 | Lair:5   | XOM: blink monster(s)
 17035 | Lair:5   | XOM: confuse monster(s)
 17045 | Lair:5   | Reached XP level 13. HP: 100/116 MP: 14/14
 17170 | Lair:5   | XOM: harmless Air miscast
 17262 | Lair:5   | XOM: summons 3 friendly demons
 17278 | Lair:5   | Found a staircase to the Swamp.
 17354 | Lair:5   | Identified the Papyrus of Freezing Bewitchment
 17395 | Lair:5   | XOM: mild Divn miscast
 17411 | Lair:5   | XOM: mild Trmt miscast
 17614 | Lair:5   | XOM: harmless Tloc miscast
 17858 | Lair:5   | XOM: silly message
 18057 | Lair:6   | Found a dark tunnel.
 18067 | Volcano  | Entered a volcano
 18185 | Lair:6   | Identified the Papyrus of Quantum Beguiling
 18337 | Lair:6   | XOM: mild Necr miscast
 18419 | Lair:6   | XOM: noise
 18427 | Lair:6   | Reached skill level 10 in Dodging
 18465 | Lair:6   | XOM: noise
 18618 | Lair:6   | XOM: god gift: encrusted fluorescent wand {god gift}
 18619 | Lair:6   | XOM: scenery: create altars
 18668 | Lair:6   | XOM: cast spell 'Summon Butterflies'
 18728 | Lair:6   | XOM: god gift: 580 gold pieces
 18940 | Lair:6   | XOM: cast spell 'Summon Hydra'
 18998 | Lair:6   | XOM: vitrification
 19082 | Lair:7   | XOM: enchant monster (good)
 19210 | Lair:7   | XOM: divination: detect creatures
 19351 | Lair:7   | XOM: polymorph blink frog -> goliath beetle
 19381 | Lair:7   | XOM: confuse monster(s)
 19533 | Lair:7   | XOM: polymorph sheep -> worker ant
 19565 | Lair:7   | XOM: divination: detect creatures
 19579 | Lair:7   | XOM: summons friendly shadow imp
 19808 | Lair:7   | XOM: 2-stop teleportation journey
 19964 | Lair:7   | XOM: summons 2 friendly demons
 19966 | Lair:7   | XOM: potion effect (curing)
 19968 | Lair:7   | XOM: summons friendly white imp
 19969 | Lair:7   | Reached skill level 15 in Long Blades
 20018 | Lair:7   | Gained mutation: You are robust (+10% HP). [evolution]
 20091 | Lair:7   | XOM: divination: detect creatures
 20108 | Lair:7   | XOM: confuse monster(s)
 20109 | Lair:7   | XOM: noise
 20122 | Lair:7   | XOM: enchant monster (good)
 20394 | Lair:7   | Learned a level 1 spell: Apportation
 20398 | Lair:7   | Learned a level 3 spell: Spectral Weapon
 20453 | Lair:8   | Entered Level 8 of the Lair of Beasts
 20458 | Lair:8   | XOM: fog
 20469 | Lair:8   | XOM: give mutation
 20469 | Lair:8   | Lost mutation: You rapidly evolve. [Xom's mischief]
 20474 | Lair:8   | XOM: enchant monster (bad)
 20586 | Lair:7   | XOM: harmless Necr miscast
 20629 | Lair:7   | XOM: mild Ice miscast
 20793 | Lair:8   | XOM: silly message
 20868 | Lair:8   | XOM: summons 6 hostile demons
 21169 | Lair:8   | XOM: harmless Hex miscast
 21171 | Lair:8   | XOM: noise
 21174 | Lair:8   | XOM: enchant monster (bad)
 21232 | Lair:8   | XOM: confuse monster(s)
 21233 | Lair:8   | XOM: harmless Summ miscast
 21244 | Lair:8   | Reached XP level 14. HP: 80/139 MP: 15/15
 21476 | Lair:8   | Found a viscous altar of Jiyva.
 21477 | Lair:8   | Found a staircase to the Slime Pits.
 21743 | Lair:8   | XOM: noise
 21901 | Lair:8   | XOM: noise
 22026 | Lair:8   | XOM: medium Tloc miscast
 22325 | Lair:8   | XOM: draining
 22336 | Lair:8   | XOM: summons 7 hostile demons
 22702 | Lair:8   | XOM: torment (71/139 hp)
 23004 | Lair:8   | XOM: summons 14 friendly demons
 23037 | Lair:8   | XOM: blink monster(s)
 23264 | Lair:7   | XOM: fog
 23280 | Lair:7   | XOM: summons 5 hostile shadow creatures
 23694 | Lair:8   | XOM: harmless Conj miscast
 23695 | Lair:8   | XOM: swap monsters
 23696 | Lair:8   | XOM: chaos cloud
 23758 | Lair:8   | XOM: smoke on damage
 23759 | Lair:8   | XOM: give mutations
 23759 | Lair:8   | Lost mutation: You have an increased reservoir of magic (+10% MP). [Xom's mischief]
 23759 | Lair:8   | Lost mutation: Your muscles are very strong. (Str +4) [Xom's mischief]
 23760 | Lair:8   | XOM: mild Necr miscast
 23764 | Lair:8   | XOM: polymorph fire drake -> warg
 23965 | Lair:7   | XOM: chaos cloud
 23967 | Lair:7   | XOM: enchant monster (good)
 24018 | Lair:7   | Reached skill level 10 in Throwing
 24150 | Lair:7   | XOM: noise
 24213 | Lair:7   | XOM: cast spell 'Ice Form'
 24345 | Lair:8   | XOM: vitrification
 24687 | Lair:8   | XOM: vitrification
 24826 | Lair:8   | XOM: destruction
 24828 | Lair:8   | XOM: fog
 24851 | Lair:8   | XOM: cast spell 'Excruciating Wounds'
 24874 | Lair:8   | XOM: enchant monster (bad)
 24895 | Lair:8   | XOM: confuse monster(s)
 24946 | Lair:8   | XOM: potion effect (curing)
 24963 | Lair:7   | XOM: cast spell 'Warp Weapon'
 24967 | Lair:7   | XOM: harmless Necr miscast
 24978 | Lair:7   | XOM: confuse monster(s)
 25123 | Lair:7   | XOM: cast spell 'Cause Fear'
 25124 | Lair:7   | XOM: fog
 25338 | Lair:8   | XOM: fake destruction
 25482 | Lair:8   | XOM: harmless Air miscast
 25694 | Lair:3   | XOM: mild Fire miscast
 25804 | Lair:1   | XOM: medium Chrm miscast
 25807 | Lair:1   | XOM: chaos cloud
 25813 | Lair:1   | Killed a five-headed hydra
 25813 | Lair:1   | Reached skill level 16 in Long Blades
 25934 | Orc:1    | Entered Level 1 of the Orcish Mines
 25979 | D:9      | XOM: summons 2 hostile demons
 26009 | D:9      | Reached skill level 1 in Translocations
 26160 | Orc:1    | Found a frozen archway.
 26168 | IceCv    | Entered an ice cave
 26391 | IceCv    | Reached skill level 1 in Spellcasting
 26393 | IceCv    | XOM: enchant monster (good)
 26589 | IceCv    | XOM: silly message
 26611 | IceCv    | XOM: enchant monster (good)
 26739 | IceCv    | XOM: enchant monster (good)
 26886 | IceCv    | XOM: stat loss: -1 Int (13/14)
 26959 | IceCv    | Noticed a frost giant
 26964 | IceCv    | XOM: polymorph polar bear -> queen bee
 26967 | IceCv    | XOM: polymorph queen bee -> spiny frog
 27251 | IceCv    | XOM: divination: magic mapping
 27298 | IceCv    | XOM: summons friendly crimson imp
 27302 | IceCv    | Killed a frost giant
 27303 | IceCv    | XOM: divine lightning (protected)
 27309 | IceCv    | Reached XP level 15. HP: 114/149 MP: 17/17
 27375 | IceCv    | XOM: vitrification
 27515 | Orc:1    | XOM: harmless Trmt miscast
 27536 | Orc:1    | XOM: divination: detect creatures
 27802 | Orc:2    | Noticed Maurice
 27811 | Orc:2    | Killed Maurice
 27931 | Orc:2    | XOM: divination: magic mapping
 27954 | Orc:2    | XOM: god gift: 9 stones
 28332 | Orc:3    | XOM: noise
 28608 | Orc:3    | Noticed Snorg
 28610 | Orc:3    | XOM: enchant monster (bad)
 28618 | Orc:3    | XOM: enchant monster (good)
 28628 | Orc:3    | Killed Snorg
 29048 | Orc:3    | XOM: give mutations
 29048 | Orc:3    | Gained mutation: Your system is resistant to poisons. [Xom's grace]
 29048 | Orc:3    | Gained mutation: Your large and strong wings let you fly indefinitely. [Xom's grace]
 29048 | Orc:3    | Gained mutation: Your flesh is cold resistant. [Xom's grace]
 29303 | Orc:4    | Entered Level 4 of the Orcish Mines
 29409 | Orc:4    | Found a flickering gateway to a bazaar.
 29421 | Bazaar   | Entered a bazaar
 29421 | Bazaar   | Found Jokkor's Antique Weapon Shop.
 29421 | Bazaar   | Found Netuk's Gadget Shop.
 29435 | Bazaar   | Found Idghonnech's Distillery.
 29445 | Bazaar   | Found Voeq's General Store.
 29446 | Bazaar   | Found Hohunk's Antique Armour Emporium.
 29466 | Bazaar   | Bought a pair of fine boots for 152 gold pieces
 29496 | Bazaar   | Bought 2 potions of heal wounds for 140 gold pieces
 29496 | Bazaar   | Bought a potion of heal wounds for 70 gold pieces
 29496 | Bazaar   | Bought a potion of heal wounds for 70 gold pieces
 29515 | Bazaar   | Identified the +1 pair of boots "Korebis" {rC- MR+++ rCorr Int+4} (You bought it in a shop in a bazaar)
 29528 | Bazaar   | Bought a shiny shield for 72 gold pieces
 29690 | Orc:4    | Found Haffaub's Book Shoppe.
 29690 | Orc:4    | Found a staircase to the Elven Halls.
 29690 | Orc:4    | XOM: 2-stop teleportation journey
 29692 | Orc:4    | Noticed Rupert
 29705 | Orc:4    | XOM: fog
 29706 | Orc:4    | XOM: summons 4 friendly demons
 29791 | Orc:4    | XOM: 2-stop teleportation journey
 30327 | Orc:4    | XOM: polymorph orc wizard -> sheep
 30378 | Orc:4    | XOM: divination: detect creatures
 30386 | Orc:4    | XOM: cast spell 'Dispersal'
 30396 | Orc:4    | XOM: swap monsters
 30490 | Orc:4    | Killed Rupert
 30575 | Orc:4    | XOM: polymorph orc sorcerer -> boring beetle
 30576 | Orc:4    | XOM: polymorph orc knight -> trapdoor spider
 30579 | Orc:4    | XOM: chaos upgrade
 30702 | Orc:4    | Found Vukuvoni's Armour Boutique.
 30717 | Orc:4    | Found Xoblab's Book Shoppe.
 30737 | Orc:4    | Found Okae's Antique Armour Shoppe.
 30739 | Orc:4    | Found Sywacsufi's Food Boutique.
 30788 | Orc:4    | XOM: vitrification
 30842 | Orc:4    | XOM: god gift: 60 gold pieces
 31028 | Orc:4    | XOM: mild Hex miscast
 31096 | Orc:4    | XOM: swap monsters
 31100 | Orc:4    | XOM: god gift: 22 stones
 31215 | Orc:3    | XOM: give mutations
 31215 | Orc:3    | Gained mutation: Your natural rate of healing is unusually fast. [Xom's grace]
 31215 | Orc:3    | Gained mutation: You rapidly evolve. [Xom's grace]
 31215 | Orc:3    | Gained mutation: You have very sharp teeth. [Xom's grace]
 31215 | Orc:3    | Gained mutation: Your spells are a little harder to cast, but a little more powerful. [Xom's grace]
 31326 | Orc:1    | XOM: colour smoke trail
 31481 | D:12     | XOM: medium Pois miscast
 31565 | D:12     | XOM: scenery: create altars
 31923 | D:12     | XOM: give mutations
 31923 | D:12     | Gained mutation: You have sharp fingernails. [Xom's grace]
 31923 | D:12     | Gained mutation: Your muscles are very strong. (Str +4) [Xom's grace]
 31923 | D:12     | Gained mutation: You have a pair of antennae on your head. [Xom's grace]
 31923 | D:12     | Gained mutation: You have a pair of large antennae on your head (SInv). [Xom's grace]
 31951 | D:12     | XOM: polymorph hill giant -> deep troll
 31958 | D:12     | XOM: god gift: glowing falchion {god gift}
 31967 | D:12     | XOM: summons friendly ufetubus
 32155 | D:12     | XOM: god gift: scroll of noise
 32192 | D:12     | XOM: polymorph ufetubus -> white imp
 32253 | D:12     | XOM: smoke on damage
 32398 | D:12     | XOM: vitrification
 32406 | D:12     | XOM: colour smoke trail
 32684 | D:13     | XOM: 4-stop teleportation journey
 32713 | D:13     | XOM: god gift: thick jewelled staff {god gift}
 32723 | D:13     | XOM: swap monsters
 32744 | D:13     | XOM: fog
 32755 | D:13     | XOM: divine lightning (protected)
 32972 | D:13     | XOM: confuse monster(s)
 32982 | D:13     | XOM: god gift: 15 stones
 33280 | D:13     | XOM: god gift: 24 gold pieces
 33519 | D:13     | XOM: summons 9 friendly demons
 33578 | D:13     | XOM: give mutations
 33578 | D:13     | Gained mutation: You are resistant to hostile enchantments. [Xom's grace]
 33578 | D:13     | Gained mutation: Your flesh is heat resistant. [Xom's grace]
 33665 | D:13     | XOM: god gift: runed chain mail {god gift}
 33741 | D:13     | Reached skill level 10 in Shields
 33757 | D:13     | XOM: give mutations
 33757 | D:13     | Gained mutation: Your mind is very acute. (Int +4) [Xom's grace]
 33757 | D:13     | Lost mutation: You rapidly evolve. [Xom's grace]
 33757 | D:13     | Lost mutation: You evolve. [Xom's grace]
 33757 | D:13     | Gained mutation: You are somewhat resistant to further mutation. [Xom's grace]
 33757 | D:13     | Gained mutation: You are very agile. (Dex +4) [Xom's grace]
 33757 | D:13     | Gained mutation: You are highly resistant to hostile enchantments. [Xom's grace]
 33774 | D:13     | XOM: give mutation
 33774 | D:13     | Gained mutation: You are extremely resistant to the effects of hostile enchantments. [Xom's grace]
 33914 | D:13     | XOM: polymorph vault guard -> five-headed hydra
 33931 | D:13     | XOM: confuse monster(s)
 33989 | D:13     | XOM: summons 5 hostile shadow creatures
 34038 | D:13     | Found a gate to the Vaults.
 34200 | D:13     | Found a basalt altar of Yredelemnul.
 34529 | D:14     | XOM: swap monsters
 34544 | D:14     | Noticed Louise
 34556 | D:14     | Killed Louise
 34612 | D:14     | XOM: give mutations
 34612 | D:14     | Lost mutation: You are very agile. (Dex +4) [Xom's mischief]
 34612 | D:14     | Lost mutation: You are agile. (Dex +2) [Xom's mischief]
 34612 | D:14     | Lost mutation: Your muscles are very strong. (Str +4) [Xom's mischief]
 34897 | D:14     | XOM: chaos cloud
 34906 | D:14     | Paralysed by you for 3 turns
 34920 | D:14     | Reached XP level 16. HP: 130/159 MP: 22/22
 34990 | D:14     | XOM: severe Fire miscast
 35232 | D:14     | Noticed Sonja
 35432 | D:15     | Entered Level 15 of the Dungeon
 35471 | D:15     | XOM: harmless Necr miscast
 35496 | D:15     | XOM: harmless Erth miscast
 35709 | D:15     | XOM: enchant monster (bad)
 35801 | D:15     | XOM: blink monster(s)
 35803 | D:15     | XOM: polymorph sheep -> wolf
 35825 | D:15     | XOM: blink monster(s)
 35846 | D:15     | XOM: summons friendly iron imp
 36012 | D:15     | XOM: 1-stop teleportation journey
 36029 | D:15     | Reached skill level 5 in Translocations
 36356 | D:15     | Reached skill level 5 in Spellcasting
 36381 | D:15     | Learned a level 2 spell: Blink
 36528 | D:15     | XOM: blink monster(s)
 36535 | D:15     | XOM: medium Air miscast
 36539 | D:15     | Found a staircase to the Depths.
 36543 | D:15     | XOM: summons 1 hostile shadow creature
 36561 | D:15     | XOM: harmless Erth miscast
 36570 | D:15     | XOM: enchant monster (bad)
 36791 | D:15     | XOM: cast spell 'Dragon Form'
 37221 | D:15     | XOM: draining
 37601 | Lair:2   | Killed a four-headed hydra
 37963 | Swamp:1  | Entered Level 1 of the Swamp
 38093 | Swamp:1  | XOM: enchant monster (bad)
 38094 | Swamp:1  | XOM: 3-stop teleportation journey
 38114 | Swamp:1  | Noticed Josephine
 38131 | Swamp:1  | XOM: cast spell 'Necromutation'
 38148 | Swamp:1  | XOM: mild Trmt miscast
 38174 | Swamp:1  | XOM: noise
 38183 | Swamp:1  | Killed Josephine
 38658 | Swamp:1  | XOM: medium Fire miscast
 38755 | Swamp:1  | XOM: give mutations
 38755 | Swamp:1  | Gained mutation: You can translocate small distances at will. [Xom's grace]
 38755 | Swamp:1  | Gained mutation: Your spells are harder to cast, but more powerful. [Xom's grace]
 38755 | Swamp:1  | Gained mutation: You are somewhat resistant to both further mutation and mutation removal. [Xom's grace]
 38932 | Swamp:2  | XOM: give mutations
 38932 | Swamp:2  | Lost mutation: You possess an exceptional clarity of mind. [Xom's mischief]
 38932 | Swamp:2  | Lost mutation: You are occasionally teleported to nearby monsters. [Xom's mischief]
 38932 | Swamp:2  | Lost mutation: Your flesh is heat resistant. [Xom's mischief]
 39255 | Swamp:2  | XOM: 8-stop teleportation journey
 39292 | Swamp:2  | XOM: divination: detect creatures
 39370 | Swamp:2  | XOM: 1-stop teleportation journey
 39533 | Swamp:2  | XOM: god gift: scroll of immolation
 39597 | Swamp:2  | XOM: god gift: silver ring {god gift}
 39669 | Swamp:2  | XOM: divine lightning
 39782 | Swamp:2  | XOM: god gift: blackened brass wand {god gift}
 39879 | Swamp:3  | XOM: confuse monster(s)
 39887 | Swamp:3  | XOM: summons friendly shadow imp
 39971 | Swamp:3  | XOM: 2-stop teleportation journey
 40008 | Swamp:3  | Reached skill level 17 in Long Blades
 40020 | Swamp:3  | XOM: noise
 40043 | Swamp:3  | XOM: medium Hex miscast
 40081 | Swamp:3  | Noticed Aizul
 40093 | Swamp:3  | XOM: enchant monster (good)
 40098 | Swamp:3  | Noticed Aizul
 40098 | Swamp:3  | Aizul changed into Aizul the five-headed hydra
 40098 | Swamp:3  | XOM: polymorph Aizul -> Aizul the five-headed hydra
 40102 | Swamp:3  | Killed Aizul the three-headed hydra
 40260 | Swamp:3  | XOM: mild Conj miscast
 40368 | Swamp:3  | Noticed Roxanne
 40521 | Swamp:3  | XOM: noise
 40622 | Swamp:3  | XOM: smoke on damage
 40771 | Swamp:3  | XOM: confuse monster(s)
 40774 | Swamp:3  | XOM: cast spell 'Dragon Form'
 40914 | Swamp:3  | XOM: summons friendly white imp
 40917 | Swamp:3  | XOM: destruction
 40922 | Swamp:3  | XOM: swap monsters
 40973 | Swamp:3  | XOM is BORED!
 40973 | Swamp:3  | XOM: medium Erth miscast
 41019 | Swamp:3  | XOM: divination: detect creatures
 41022 | Swamp:3  | XOM: cast spell 'Dispersal'
 41141 | Swamp:3  | XOM: cast spell 'Shadow Creatures'
 41153 | Swamp:3  | XOM: potion effect (brilliance)
 41167 | Swamp:3  | Killed Roxanne
 41169 | Swamp:3  | Identified Roxanne's Papyrus of the Shifting Mountains (You took it off Roxanne on level 3 of the Swamp)
 41204 | Swamp:3  | Noticed a tentacled monstrosity
 41211 | Swamp:3  | XOM: fog
 41213 | Swamp:3  | XOM: summons 4 friendly demons
 41217 | Swamp:3  | Killed a tentacled monstrosity
 41241 | Swamp:4  | Entered Level 4 of the Swamp
 41269 | Swamp:4  | XOM: confuse monster(s)
 41270 | Swamp:4  | XOM: mild Hex miscast
 41405 | Swamp:4  | XOM: potion effect (invisibility)
 41425 | Swamp:4  | Reached XP level 17. HP: 90/169 MP: 26/26
 41490 | Swamp:4  | XOM: divination: magic mapping
 41620 | Swamp:4  | XOM: enchant monster (good)
 41626 | Swamp:4  | XOM: harmless Necr miscast
 41635 | Swamp:4  | XOM: divination: detect creatures
 41651 | Swamp:4  | XOM: mild Hex miscast
 41656 | Swamp:4  | XOM: harmless Tloc miscast
 41867 | Swamp:4  | XOM: harmless Necr miscast
 41917 | Swamp:4  | XOM: give mutations
 41917 | Swamp:4  | Lost mutation: You are resistant to electric shocks. [Xom's mischief]
 41917 | Swamp:4  | Lost mutation: Your large and strong wings let you fly indefinitely. [Xom's mischief]
 41917 | Swamp:4  | Lost mutation: You are somewhat resistant to both further mutation and mutation removal. [Xom's mischief]
 41917 | Swamp:4  | Lost mutation: You are somewhat resistant to further mutation. [Xom's mischief]
 41952 | Swamp:4  | XOM: torment (83/169 hp)
 42117 | Swamp:4  | XOM: give mutations
 42117 | Swamp:4  | Lost mutation: Your tail ends in a wickedly sharp and poisonous barb. [Xom's mischief]
 42117 | Swamp:4  | Lost mutation: Your flesh is cold resistant. [Xom's mischief]
 42117 | Swamp:4  | Lost mutation: Your muscles are strong. (Str +2) [Xom's mischief]
 42157 | Swamp:4  | XOM: 1-stop teleportation journey
 42209 | Swamp:4  | XOM: give mutations
 42209 | Swamp:4  | Lost mutation: Your system is resistant to poisons. [Xom's mischief]
 42209 | Swamp:4  | Lost mutation: Your mind is very acute. (Int +4) [Xom's mischief]
 42262 | Swamp:4  | XOM: give mutations
 42262 | Swamp:4  | Lost mutation: Your tail ends in a sharp poisonous barb. [Xom's mischief]
 42262 | Swamp:4  | Lost mutation: You are robust (+10% HP). [Xom's mischief]
 42262 | Swamp:4  | Lost mutation: You can translocate small distances at will. [Xom's mischief]
 42262 | Swamp:4  | Lost mutation: You have supernaturally acute eyesight. [Xom's mischief]
 42339 | Swamp:4  | XOM: summons 5 friendly demons
 42606 | Swamp:4  | XOM: summons 14 friendly demons
 42910 | Swamp:4  | XOM: mild Chrm miscast
 42968 | Swamp:4  | Noticed the 27-headed Lernaean hydra
 43010 | Swamp:4  | XOM: blink monster(s)
 43077 | Swamp:4  | XOM: silly message
 43147 | Swamp:4  | XOM: silly message
 43209 | Swamp:4  | XOM: divination: detect creatures
 43276 | Swamp:4  | XOM: enchant monster (bad)
 43277 | Swamp:4  | XOM: potion effect (heal wounds)
 43312 | Swamp:4  | XOM: enchant monster (bad)
 43324 | Swamp:4  | XOM: noise
 43331 | Swamp:4  | XOM: potion effect (curing)
 43500 | Swamp:4  | XOM: summons 1 hostile demon
 43658 | Swamp:4  | Xom revived you
 43664 | Swamp:4  | XOM: summons friendly shadow imp
 43669 | Swamp:4  | XOM: 4-stop teleportation journey
 43842 | Swamp:4  | XOM: mild Necr miscast
 43948 | Swamp:4  | XOM: confuse monster(s)
 43955 | Swamp:4  | Killed the 16-headed Lernaean hydra
 43964 | Swamp:4  | XOM: mild Tloc miscast
 43965 | Swamp:4  | XOM: summons 14 friendly demons
 43993 | Swamp:4  | Got a decaying rune of Zot
 43997 | Swamp:4  | XOM: give mutations
 43997 | Swamp:4  | Lost mutation: Your tail ends in a poisonous barb. [Xom's mischief]
 43997 | Swamp:4  | Lost mutation: Your mind is acute. (Int +2) [Xom's mischief]
 43997 | Swamp:4  | Lost mutation: You have very sharp teeth. [Xom's mischief]
 43997 | Swamp:4  | Lost mutation: You are extremely resistant to the effects of hostile enchantments. [Xom's mischief]
 44162 | Swamp:4  | XOM: noise
 44253 | Swamp:4  | XOM: summons 2 friendly demons
 44254 | Swamp:4  | XOM: summons 2 friendly demons
 44334 | Swamp:4  | XOM: god gift: 3 needles of sleeping
 44363 | Swamp:4  | XOM: god gift: scroll of random uselessness
 44369 | Swamp:4  | XOM: cast spell 'Warp Weapon'
 44518 | Lair:4   | XOM: god gift: thick glowing staff {god gift}
 44544 | Spider:1 | Entered Level 1 of the Spider Nest
 44581 | Spider:1 | XOM: mild Hex miscast
 44603 | Spider:1 | Noticed Donald
 44633 | Spider:1 | Killed Donald
 44656 | Spider:1 | XOM: give mutations
 44656 | Spider:1 | Gained mutation: Your muscles are strong. (Str +2) [Xom's grace]
 44656 | Spider:1 | Gained mutation: You have large cloven feet. [Xom's grace]
 44807 | Spider:1 | XOM: harmless Divn miscast
 44972 | Spider:1 | XOM: harmless Divn miscast
 45182 | Spider:1 | XOM: enchant monster (bad)
 45309 | Spider:1 | XOM: medium Conj miscast
 45411 | Spider:1 | XOM: harmless Divn miscast
 45423 | Spider:1 | XOM: polymorph demonic crawler -> apocalypse crab
 45424 | Spider:1 | XOM: confuse monster(s)
 45510 | Spider:1 | XOM: god gift: runed dire flail {god gift}
 45539 | Spider:1 | XOM: summons 7 friendly demons
 45669 | Spider:1 | XOM: vitrification
 45825 | Spider:2 | XOM: polymorph wolf spider -> faun
 45888 | Spider:2 | XOM: destruction
 45889 | Spider:2 | XOM: fog
 45893 | Spider:2 | XOM: summons 3 hostile shadow creatures
 45938 | Spider:2 | XOM: mild Summ miscast
 45958 | Spider:2 | XOM: vitrification
 46455 | Spider:2 | Reached skill level 15 in Fighting
 46496 | Spider:2 | XOM: torment (74/156 hp)
 46498 | Spider:2 | XOM: confusion (+ monsters)
 46594 | Spider:2 | XOM: noise
 46677 | Spider:2 | XOM: noise
 46708 | Spider:2 | XOM: smoke on damage
 46959 | Spider:2 | XOM: noise
 46964 | Spider:2 | XOM: potion effect (haste)
 47175 | Spider:2 | XOM: mild Divn miscast
 47179 | Spider:2 | XOM: divination: detect items
 47192 | Spider:2 | XOM: summons friendly shadow imp
 47220 | Spider:2 | XOM: potion effect (haste)
 47226 | Spider:2 | XOM: confuse monster(s)
 47379 | Spider:2 | Noticed Arachne
 47708 | Spider:2 | XOM: confuse monster(s)
 47713 | Spider:2 | XOM: confusion
 47716 | Spider:2 | XOM: confusion (+ monsters)
 47811 | Spider:2 | XOM: 4-stop teleportation journey
 47838 | Spider:2 | XOM: give mutations
 47838 | Spider:2 | Lost mutation: You have a pair of large antennae on your head (SInv). [Xom's mischief]
 47838 | Spider:2 | Lost mutation: You are highly resistant to hostile enchantments. [Xom's mischief]
 47838 | Spider:2 | Lost mutation: Your muscles are strong. (Str +2) [Xom's mischief]
 47868 | Spider:2 | XOM: potion effect (invisibility)
 47883 | Spider:2 | Noticed Arachne
 47883 | Spider:2 | Arachne changed into Arachne the griffon
 47883 | Spider:2 | XOM: polymorph Arachne -> Arachne the griffon
 47888 | Spider:2 | XOM: chaos cloud
 47888 | Spider:2 | Arachne the griffon (ally) was killed
 47891 | Spider:2 | XOM: mild Fire miscast
 47895 | Spider:2 | XOM: confusion
 47918 | Spider:2 | XOM: chaos cloud
 48076 | Spider:2 | XOM: severe Necr miscast
 48114 | Spider:2 | XOM: give mutations
 48114 | Spider:2 | Gained mutation: You are dopey. (Int -2) [Xom's mischief]
 48114 | Spider:2 | Gained mutation: Your body sometimes deteriorates upon taking damage. [Xom's mischief]
 48334 | Spider:3 | XOM: harmless Trmt miscast
 48375 | Spider:3 | XOM: give mutations
 48375 | Spider:3 | Lost mutation: Your spells are harder to cast, but more powerful. [Xom's mischief]
 48375 | Spider:3 | Lost mutation: Your spells are a little harder to cast, but a little more powerful. [Xom's mischief]
 48383 | Spider:3 | XOM: give mutations
 48383 | Spider:3 | Lost mutation: You have large cloven feet. [Xom's mischief]
 48383 | Spider:3 | Lost mutation: You are dopey. (Int -2) [Xom's mischief]
 48383 | Spider:3 | Gained mutation: You are highly resistant to hostile enchantments. [Xom's mischief]
 48383 | Spider:3 | Gained mutation: You are frail (-10% HP). [Xom's mischief]
 48475 | Spider:3 | XOM: mild Pois miscast
 48479 | Spider:3 | XOM: harmless Ice miscast
 48498 | Spider:3 | XOM: divination: detect creatures
 48553 | Spider:3 | XOM: confuse monster(s)
 48598 | Spider:3 | XOM: 1-stop teleportation journey
 48780 | Spider:3 | XOM: enchant monster (good)
 48808 | Spider:3 | XOM: mild Fire miscast
 48830 | Spider:3 | Reached XP level 18. HP: 74/143 MP: 29/29
 48831 | Spider:3 | XOM: confusion (+ monsters)
 49032 | Spider:3 | Found a roughly hewn altar of Beogh.
 49304 | Spider:3 | XOM: harmless Necr miscast
 49408 | Spider:3 | XOM: enchant monster (bad)
 49417 | Spider:3 | XOM: chaos cloud
 49468 | Spider:3 | XOM: blink monster(s)
 49624 | Spider:3 | XOM: give mutations
 49624 | Spider:3 | Gained mutation: You expend magic power (3 MP) to strengthen your wands. [Xom's mischief]
 49624 | Spider:3 | Gained mutation: Your body often deteriorates upon taking damage. [Xom's mischief]
 49624 | Spider:3 | Lost mutation: You are frail (-10% HP). [Xom's mischief]
 49639 | Spider:3 | XOM: give mutations
 49639 | Spider:3 | Gained mutation: You are weak. (Str -2) [Xom's mischief]
 49639 | Spider:3 | Gained mutation: You are covered in fur (AC +1). [Xom's mischief]
 49639 | Spider:3 | Lost mutation: You are weak. (Str -2) [Xom's mischief]
 49639 | Spider:3 | Lost mutation: You are highly resistant to hostile enchantments. [Xom's mischief]
 49750 | Spider:3 | XOM: medium Divn miscast
 49885 | Spider:3 | XOM: mild Chrm miscast
 49946 | Spider:4 | Entered Level 4 of the Spider Nest
 50042 | Spider:4 | XOM: 1-stop teleportation journey
 50223 | Spider:4 | XOM: silly message
 50252 | Spider:4 | XOM: noise
 50298 | Spider:4 | XOM: blink monster(s)
 50300 | Spider:4 | XOM: swap monsters
 50303 | Spider:4 | XOM: chaos cloud
 50311 | Spider:4 | XOM: enchant monster (good)
 50525 | Spider:4 | XOM: silly message
 50643 | Spider:4 | XOM: noise
 50656 | Spider:4 | XOM: harmless Divn miscast
 50814 | Spider:4 | XOM: destruction
 51100 | Spider:3 | XOM: silly message
 51119 | Spider:3 | XOM: colour smoke trail
 51126 | Spider:4 | XOM: cast spell 'Ring of Flames'
 51133 | Spider:4 | XOM: enchant monster (good)
 51141 | Spider:4 | XOM: cast spell 'Dispersal'
 51176 | Spider:4 | XOM: polymorph jumping spider -> wind drake
 51329 | Spider:4 | XOM: confuse monster(s)
 51424 | Spider:4 | XOM: summons friendly ufetubus
 51678 | Spider:4 | XOM: summons 5 friendly demons
 51694 | Spider:4 | XOM: divination: detect creatures
 51698 | Spider:4 | XOM: potion effect (heal wounds)
 51710 | Spider:4 | XOM: summons friendly white imp
 51720 | Spider:4 | XOM: potion effect (curing)
 51723 | Spider:4 | XOM: confuse monster(s)
 51978 | Spider:4 | XOM: enchant monster (bad)
 51997 | Spider:4 | XOM: confusion (+ monsters)
 52013 | Spider:4 | XOM: harmless Chrm miscast
 52014 | Spider:4 | XOM: chaos cloud
 52158 | Spider:4 | XOM: mild Erth miscast
 52226 | Spider:4 | XOM: silly message
 52246 | Spider:4 | XOM: swap monsters
 52247 | Spider:4 | XOM: god gift: 7 royal jellies
 52297 | Spider:4 | Got a gossamer rune of Zot
 52356 | Spider:4 | XOM: god gift: 650 gold pieces
 52372 | Spider:4 | XOM: noise
 52630 | Spider:4 | HP: 8/165 [poisoned by a redback]
 52635 | Spider:4 | HP: 8/165 [poisoned by a redback]
 52767 | Spider:4 | XOM: silly message
 52775 | Spider:4 | XOM: summons friendly quasit
 52794 | Spider:4 | XOM: summons 10 friendly demons
 52813 | Spider:3 | XOM: god gift: scroll of silence
 52816 | Spider:3 | XOM: give mutations
 52816 | Spider:3 | Lost mutation: Your body often deteriorates upon taking damage. [Xom's mischief]
 52816 | Spider:3 | Gained mutation: You are clumsy. (Dex -2) [Xom's mischief]
 52816 | Spider:3 | Gained mutation: Scrolls take you a little longer to read. [Xom's mischief]
 52862 | Spider:3 | XOM: enchant monster (good)
 52868 | Spider:3 | XOM: mild Conj miscast
 52938 | Spider:3 | XOM: give mutations
 52938 | Spider:3 | Lost mutation: You are clumsy. (Dex -2) [Xom's mischief]
 52938 | Spider:3 | Gained mutation: You are occasionally teleported to nearby monsters. [Xom's mischief]
 52938 | Spider:3 | Lost mutation: You are occasionally teleported to nearby monsters. [Xom's mischief]
 53134 | Spider:1 | XOM: summons 1 hostile demon
 53182 | Lair:4   | XOM: harmless Divn miscast
 53236 | Lair:4   | XOM: enchant monster (good)
 53287 | Lair:3   | XOM: silly message
 53501 | Orc:1    | XOM: divination: detect creatures
 53647 | Elf:1    | Entered Level 1 of the Elven Halls
 53703 | Elf:1    | XOM: fog
 53713 | Elf:1    | XOM: confuse monster(s)
 53749 | Elf:1    | XOM: enchant monster (good)
 53771 | Elf:1    | XOM: god gift: curved runed staff {god gift}
 53810 | Elf:1    | XOM: 2-stop teleportation journey
 53935 | Elf:1    | XOM: god gift: potion of agility
 54047 | Elf:1    | XOM: noise
 54114 | Elf:1    | XOM: divination: magic mapping
 54263 | Elf:1    | XOM: confusion
 54275 | Elf:1    | XOM: give mutations
 54275 | Elf:1    | Gained mutation: You are robust (+10% HP). [Xom's grace]
 54275 | Elf:1    | Gained mutation: You have an increased reservoir of magic (+10% MP). [Xom's grace]
 54275 | Elf:1    | Gained mutation: Your spells are a little harder to cast, but a little more powerful. [Xom's grace]
 54434 | Elf:1    | XOM: noise
 54514 | Elf:1    | XOM: potion effect (berserk rage)
 54515 | Elf:1    | XOM: potion effect (agility)
 54522 | Elf:1    | XOM: summons friendly ufetubus
 54523 | Elf:1    | XOM: cast spell 'Shadow Creatures'
 54530 | Elf:1    | Reached skill level 18 in Long Blades
 54546 | Elf:1    | XOM: cast spell 'Olgreb's Toxic Radiance'
 54553 | Elf:1    | XOM: confusion (+ monsters)
 54555 | Elf:1    | XOM: summons friendly white imp
 54557 | Elf:1    | XOM: swap monsters
 54561 | Elf:1    | XOM: polymorph demonic crawler -> apocalypse crab
 54565 | Elf:1    | XOM: summons friendly crimson imp
 54570 | Elf:1    | XOM: cast spell 'Summon Horrible Things'
 54590 | Elf:1    | XOM: summons friendly shadow imp
 54611 | Elf:1    | XOM: divination: detect items
 54650 | Elf:1    | XOM: harmless Necr miscast
 54845 | Elf:1    | XOM: summons friendly shadow imp
 54860 | Elf:1    | XOM: divination: detect creatures
 54864 | Elf:1    | XOM: divination: detect creatures
 54872 | Elf:1    | XOM: confuse monster(s)
 55115 | Elf:1    | XOM: mild Erth miscast
 55117 | Elf:1    | XOM: cast spell 'Metabolic Englaciation'
 55123 | Elf:1    | XOM: summons 4 hostile demons
 55130 | Elf:1    | XOM: mild Summ miscast
 55133 | Elf:1    | XOM: noise
 55143 | Elf:1    | XOM: divine lightning
 55147 | Elf:1    | XOM: cast spell 'Dragon Form'
 55151 | Elf:1    | XOM: divination: magic mapping
 55155 | Elf:1    | HP: 13/273 [deep elf knight/long sword of flaming (3)]
 55171 | Elf:1    | XOM: fake destruction
 55173 | Elf:1    | XOM: blink monster(s)
 55180 | Elf:1    | XOM: chaos upgrade
 55181 | Elf:1    | HP: 13/273 [deep elf conjurer/bolt of fire (35)]
 55182 | Elf:1    | XOM: summons friendly ufetubus
 55196 | Elf:1    | HP: 9/273 [deep elf knight/stone arrow (11)]
 55212 | Elf:1    | XOM: swap monsters
 55309 | Elf:1    | XOM: confuse monster(s)
 55373 | Elf:1    | XOM: mild Conj miscast
 55445 | Elf:1    | XOM: divination: detect creatures
 55588 | Elf:1    | XOM: silly message
 55599 | Elf:1    | XOM: enchant monster (bad)
 55765 | Elf:1    | XOM: harmless Hex miscast
 55767 | Elf:1    | XOM: cast spell 'Hydra Form'
 55792 | Elf:1    | Gained mutation: You are dopey. (Int -2) [a neqoxec]
 56005 | Elf:1    | XOM: mild Ice miscast
 56010 | Elf:1    | XOM: mild Pois miscast
 56168 | Elf:2    | XOM: potion effect (berserk rage)
 56175 | Elf:2    | Noticed Saint Roka
 56177 | Elf:2    | XOM: noise
 56189 | Elf:2    | XOM: swap monsters
 56192 | Elf:2    | XOM: enchant monster (good)
 56199 | Elf:2    | XOM: confusion (+ monsters)
 56201 | Elf:2    | XOM: god gift: warped turquoise ring {god gift}
 56203 | Elf:2    | Noticed Asterion
 56208 | Elf:2    | XOM: destruction
 56208 | Elf:2    | HP: 8/182 [something (23)]
 56214 | Elf:2    | HP: 6/182 [poisoned by Saint Roka]
 56219 | Elf:2    | HP: 6/182 [poisoned by Saint Roka]
 56225 | Elf:2    | HP: 8/182 [poisoned by Saint Roka]
 56297 | Elf:2    | XOM: harmless Summ miscast
 56486 | Elf:2    | XOM: mild Erth miscast
 56586 | Elf:2    | Reached XP level 19. HP: 189/189 MP: 35/35
 56619 | Elf:2    | #yolo
 56795 | Elf:2    | Found a runed gate.
 56796 | Elf:2    | Found a runed gate.
 56796 | Elf:2    | Found a runed gate.
 56799 | Elf:2    | XOM: polymorph deep elf conjurer -> lindwurm
 56804 | Elf:2    | XOM: fake destruction
 56815 | Elf:2    | Found Atsugod's Weapon Emporium.
 56956 | Elf:2    | XOM: divination: detect creatures
 56957 | Elf:2    | XOM: summons friendly iron imp
 56959 | Elf:2    | XOM: cast spell 'Chain of Chaos'
 56977 | Elf:2    | XOM: give mutation
 56977 | Elf:2    | Gained mutation: You are agile. (Dex +2) [Xom's grace]
 56980 | Elf:2    | XOM: summons friendly ufetubus
 56982 | Elf:2    | XOM: destruction
 57260 | Elf:2    | XOM: noise
 57329 | Elf:1    | XOM: medium Erth miscast
 57487 | Elf:3    | Entered Level 3 of the Elven Halls
 57498 | Elf:3    | XOM: enchant monster (bad)
 57514 | Elf:3    | XOM: 2-stop teleportation journey
 57515 | Elf:3    | XOM: chaos cloud
 57541 | Elf:3    | Found a magical portal.
 57541 | Elf:3    | XOM: 2-stop teleportation journey
 57643 | WizLab   | Entered Iskenderun's Mystic Tower
 57669 | WizLab   | XOM: noise
 57680 | WizLab   | XOM: summons friendly shadow imp
 57698 | WizLab   | XOM: enchant monster (good)
 57733 | WizLab   | XOM: mild Hex miscast
 57779 | WizLab   | XOM: 8-stop teleportation journey
 57787 | WizLab   | XOM: confuse monster(s)
 58024 | WizLab   | XOM: harmless Air miscast
 58025 | WizLab   | XOM: chaos upgrade
 58109 | WizLab   | XOM: god gift: scroll of amnesia
 58348 | WizLab   | XOM: give mutation
 58348 | WizLab   | Gained mutation: Your tail ends in a poisonous barb. [Xom's grace]
 58362 | WizLab   | XOM: polymorph purple draconian -> azure jelly
 58364 | WizLab   | XOM: chaos cloud
 58369 | WizLab   | Paralysed by you for 3 turns
 58475 | WizLab   | XOM: chaos upgrade
 58525 | WizLab   | XOM: fog
 58536 | WizLab   | XOM: swap monsters
 58627 | WizLab   | Reached skill level 10 in Translocations
 58659 | WizLab   | XOM: harmless Fire miscast
 58689 | WizLab   | XOM: summons 3 hostile demons
 58702 | WizLab   | XOM: enchant monster (bad)
 58705 | WizLab   | XOM: destruction
 58720 | WizLab   | XOM: confusion (+ monsters)
 58880 | WizLab   | XOM: smoke on damage
 58925 | WizLab   | Learned a level 2 spell: Repel Missiles
 58937 | WizLab   | Identified Iskenderun's Incunabulum of Scorching Arcane Weapons (You found it in a wizard's laboratory)
 58943 | WizLab   | Identified Iskenderun's Catalogue of Battle Magic (You found it in a wizard's laboratory)
 59119 | Elf:3    | XOM: colour smoke trail
 59152 | Elf:3    | XOM: polymorph deep elf mage -> human
 59165 | Elf:3    | XOM: enchant monster (good)
 59167 | Elf:3    | XOM: summons friendly white imp
 59258 | Elf:3    | XOM: 6-stop teleportation journey
 59373 | Elf:3    | XOM: swap monsters
 59404 | Elf:3    | XOM: 7-stop teleportation journey
 59482 | Elf:3    | XOM: confusion (+ monsters)
 59486 | Elf:3    | XOM: 6-stop teleportation journey
 59542 | Elf:3    | XOM: vitrification
 59877 | Elf:3    | XOM: 2-stop teleportation journey
 59943 | Elf:3    | XOM: cast spell 'Summon Butterflies'
 59998 | Elf:3    | XOM: cast spell 'Ice Form'
 60305 | Elf:3    | XOM: cast spell 'Confusing Touch'
 60312 | Elf:3    | XOM: confusion
 60322 | Elf:3    | XOM: cast spell 'Call Canine Familiar'
 60323 | Elf:3    | XOM: enchant monster (good)
 60345 | Elf:3    | XOM: give mutations
 60345 | Elf:3    | Lost mutation: Your tail ends in a poisonous barb. [Xom's mischief]
 60345 | Elf:3    | Lost mutation: Scrolls take you a little longer to read. [Xom's mischief]
 60403 | Elf:3    | XOM: harmless Ice miscast
 60414 | Elf:3    | XOM: 2-stop teleportation journey
 60420 | Elf:3    | XOM: enchant monster (good)
 60451 | Elf:3    | XOM: polymorph rust devil -> hellwing
 60457 | Elf:3    | XOM: 7-stop teleportation journey
 60498 | Elf:3    | HP: 9/190 [poisoned by a deep elf mage (bolt of poison)]
 60498 | Elf:3    | Killed from afar by a deep elf conjurer

Action                   |  1- 3 |  4- 6 |  7- 9 | 10-12 | 13-15 | 16-18 | 19-21 || total
-------------------------+-------+-------+-------+-------+-------+-------+-------++-------
Melee: Falchion          |    83 |   167 |   389 |       |       |       |       ||   639
       Unarmed           |       |       |     5 |    25 |       |    19 |     8 ||    57
       Scimitar          |       |       |     8 |   704 |  2311 |  3170 |     7 ||  6200
       Long sword        |       |       |       |   208 |       |       |   540 ||   748
Throw: Throwing net      |       |       |       |     1 |       |       |       ||     1
       Javelin           |       |       |       |       |     3 |       |    49 ||    52
 Abil: Breathe Sticky Fl |       |       |     5 |    10 |    15 |    22 |     1 ||    53
       Fly               |       |       |       |       |     1 |     3 |       ||     4
Evoke: Wand              |       |       |       |    21 |    16 |    26 |    14 ||    77
       Deck              |       |       |       |       |     2 |     5 |     6 ||    13
       Phantom mirror    |       |       |       |       |       |     1 |       ||     1
       Fan of gales      |       |       |       |       |       |     1 |       ||     1
  Use: Potion            |       |     2 |       |     7 |    13 |    33 |     5 ||    60
       Scroll            |       |       |     7 |    21 |    14 |    29 |     5 ||    76
 Stab: Confused          |     1 |     1 |     2 |     1 |    23 |    21 |       ||    49
       Paralysed         |       |     1 |     4 |     8 |    29 |     1 |     5 ||    48
       Petrifying        |       |       |     3 |     8 |    13 |     3 |     1 ||    28
       Sleeping          |       |       |     1 |       |     8 |     5 |       ||    14
       Distracted        |       |       |     1 |       |     5 |     5 |     1 ||    12
       Invisible         |       |       |       |     5 |     2 |     4 |     2 ||    13
       Petrified         |       |       |       |       |     8 |       |       ||     8
       Fleeing           |       |       |       |       |     2 |       |       ||     2
       Betrayed ally     |       |       |       |       |       |       |     1 ||     1
  Eat: Chunk             |       |     7 |    27 |    22 |    21 |     7 |     1 ||    85
       Royal jelly       |       |       |       |     3 |       |     5 |     1 ||     9
       Beef jerky        |       |       |       |     2 |       |     4 |     1 ||     7
       Fruit             |       |       |       |     2 |       |       |       ||     2
       Meat ration       |       |       |       |     1 |     9 |     8 |     1 ||    19
       Pizza             |       |       |       |       |       |     8 |       ||     8
       Bread ration      |       |       |       |       |       |     2 |     1 ||     3
